 Dungeon Crawl Stone Soup version 0.18.1-48-g4cf74bf (webtiles) character file.

57 torvon the Skirmisher (level 4, 0/37 HPs)
             Began as a Formicid Abyssal Knight on Aug 6, 2016.
             Was a Believer of Lugonu.
             Succumbed to an adder's poison
             ... on level 5 of the Dungeon.
             The game lasted 00:10:52 (2369 turns).

torvon the Skirmisher (Formicid Abyssal Knight)     Turns: 2369, Time: 00:10:52

Health: 0/37       AC:  3    Str: 17 (18) XL:     4   Next: 18%
Magic:  4/5        EV: 11    Int: 16      God:    Lugonu [**....]
Gold:   173        SH:  0    Dex: 10      Spells: 0 memorised, 3 levels left

rFire  . . .     SeeInvis +     l - +4 dagger
rCold  . . .     Gourm    .     b - +0 leather armour
rNeg   . . .     Faith    .     (no shield)
rPois  .         Spirit   .     (helmet unavailable)
rElec  .         Dismiss  .     (no cloak)
rCorr  .         Reflect  .     (no gloves)
SustAt +         Harm     .     (no boots)
MR     .....                    (no amulet)
Stlth  +.........               (no ring)
                                v - ring of sustain attributes

@: brilliant, lethally poisoned (0 -> -1), very slightly contaminated,
invisible, not resistant to hostile enchantments, very unstealthy
A: permanent stasis, dig shafts and tunnels, four strong arms, antennae 3
a: Dig, Shaft Self, Depart the Abyss, Bend Space, Renounce Religion


You were on level 5 of the Dungeon.
You worshipped Lugonu.
Lugonu was pleased with you.
You were not hungry.

You visited 1 branch of the dungeon, and saw 5 of its levels.
You visited the Abyss 1 time.

You collected 173 gold pieces.

Inventory:

Hand Weapons
 a - a +1 spear
 j - a +0 club
 k - a +0 hunting sling
 l - a +4 dagger (weapon)
 p - a +0 whip
 r - a +0 dagger
 s - a +0 dagger
 t - a +0 hunting sling
 u - a +0 club
 w - a +0 dagger
 B - a +0 club
 C - a +0 club
 D - a +0 hand axe
 E - a +0 club
 H - a +0 club
 I - a +0 dagger
Missiles
 i - 86 stones (quivered)
Armour
 b - a +0 leather armour (worn)
 y - a +0 ring mail
 F - a +0 ring mail
 K - a +0 robe
 L - a +0 pair of boots
Jewellery
 v - a ring of sustain attributes (left hand)
Scrolls
 d - a scroll of immolation {unknown}
 e - a scroll of recharging {unknown}
 f - a scroll of enchant armour {unknown}
 q - a scroll of blinking {unknown}
 G - a scroll of noise {unknown}
Potions
 x - a potion of might {unknown}
 A - a potion of flight {unknown}
Books
 J - a book of the Earth

   Spells                             Type                      Level
   a - Leda's Liquefaction            Hexes/Earth                  4
   b - Bolt of Magma                  Conjuration/Fire/Earth       5
   c - Statue Form                    Transmutation/Earth          6
   d - Iron Shot                      Conjuration/Earth            6
   e - Shatter                        Earth                        9
Miscellaneous
 m - a plain deck of wonders
Comestibles
 c - 2 bread rations
 h - 2 meat rations
 n - 2 beef jerkies


   Skills:
 + Level 3.9 Fighting
 + Level 0.4 Short Blades
 + Level 2.2 Polearms
 + Level 2.8 Armour
 + Level 1.6 Dodging
 + Level 1.1 Stealth
 + Level 2.4 Invocations


You had 3 spell levels left.
You didn't know any spells.

Dungeon Overview and Level Annotations

Branches:
Dungeon (4/15)
 Temple: D:4-7

Altars:
Nemelex Xobeh

Annotations:
D:4 Heedrag's ghost, amateur DECj


Innate Abilities, Weirdness & Mutations

You are under a permanent stasis effect.
You can dig through walls and to a lower floor.
Your four strong arms can wield two-handed weapons with a shield.
You have a pair of large antennae on your head (SInv).


Message History

Heedrag's ghost points at you and mumbles some strange words.
The magic dart hits the worker ant.
The adder closely misses you.
The worker ant twitches its antennae in your direction.
The adder closely misses you.
Are you sure you want to shaft yourself?
You feel quite a bit more hungry.
* * * LOW HITPOINT WARNING * * *
You feel sick. The adder barely misses you.
You begin to dig a shaft.
You continue digging a shaft.
The adder closely misses you. A shaft appears beneath you!
You fall through a shaft!
The shaft crumbles and collapses.
You hear the sound of rushing water.
There is an entrance to a sewer on this level.
Hurry and find it before the portal rusts away!
An orc and a phantom come into view.
Found 10 gold pieces, a scroll labeled RODAFUIPRYHYPO and a leather armour.
* * * LOW HITPOINT WARNING * * *
You feel sick.
You die...

#########
#........ .#
####@#### ...
#.......# {
#..##.....#.#
#......#### #
.##....W# {
........#
....#.$...#{{
####......#
.[?...#W..


You could see a phantom.

Vanquished Creatures
  A dart slug (D:1)
  4 giant geckos (D:2)
  3 giant cockroaches
  7 goblins (D:2)
  3 hobgoblins (D:2)
  4 kobolds
  3 ball pythons
  8 bats
  4 giant newts
  14 rats (D:2)
51 creatures vanquished.

Notes
Turn   | Place    | Note
--------------------------------------------------------------
     0 | Abyss:1  | torvon the Formicid Abyssal Knight began the quest for the Orb.
     0 | Abyss:1  | Reached XP level 1. HP: 18/18 MP: 2/2
    71 | D:1      | Escaped the Abyss
   147 | D:1      | You fall through a shaft!
   299 | D:2      | Reached * piety under Lugonu
   318 | D:2      | Reached XP level 2. HP: 4/24 MP: 3/3
   804 | D:2      | Found a sparkling altar of Nemelex Xobeh.
   901 | D:2      | Reached skill level 1 in Dodging
   978 | D:2      | Reached XP level 3. HP: 20/29 MP: 4/4
  1054 | D:2      | Reached ** piety under Lugonu
  1861 | D:1      | Reached XP level 4. HP: 37/37 MP: 5/5
  2184 | D:2      | Reached skill level 1 in Stealth
  2342 | D:4      | Noticed Heedrag's ghost (amateur DECj)
  2360 | D:4      | HP: 1/37 [poisoned by an adder]
  2362 | D:4      | You fall through a shaft!
  2362 | D:5      | Entered Level 5 of the Dungeon
  2362 | D:5      | Noticed a phantom
  2365 | D:5      | HP: 1/37 [poisoned by an adder]
  2369 | D:5      | Succumbed to an adder's poison

Skill      XL: |  1  2  3  4 |
---------------+-------------+-----
Dodging        | 1 |  1.6
Stealth        | 1 |  1.1
Fighting       | |  3.9
Short Blades   | |  0.4
Polearms       | |  2.2
Armour         | |  2.8
Invocations    | |  2.4

Action                   |  1- 3 |  4- 6 || total
-------------------------+-------+-------++-------
Melee: Spear             |    37 |       ||    37
       Dagger            |    81 |    20 ||   101
Throw: Stone             |     3 |       ||     3
Invok: Depart the Abyss  |     1 |       ||     1
       Bend Space        |     1 |     3 ||     4
 Abil: Dig               |     3 |       ||     3
       Shaft Self        |       |     1 ||     1
  Use: Potion            |       |     3 ||     3
 Stab: Sleeping          |     2 |       ||     2
  Eat: Bread ration      |     2 |       ||     2
Armor: Leather armour    |    55 |     2 ||    57
Dodge: Dodged            |    89 |    26 ||   115
